 Dungeon Crawl Stone Soup version 0.32-a0-481-g9ce6b883f8 (webtiles) character file.

Game seed: 3374987641642886159

1256202 GordonOverkill the Cryomancer (level 26, 152/152 HPs)
             Began as a Spriggan Delver on Feb 26, 2024.
             Was the Champion of Vehumet.
             Escaped with the Orb
             ... and 3 runes!
             The game lasted 03:06:24 (147572 turns).

GordonOverkill the Cryomancer (Spriggan Delver)   Turns: 147572, Time: 03:06:24

Health: 152/152    AC: 11    Str: 11    XL:     26   Next: 87%
Magic:  50/50      EV: 36    Int: 27    God:    Vehumet [******]
Gold:   2278       SH:  7    Dex: 22    Spells: 24/69 levels left

rFire   + . .        y - +9 quick blade (elec)
rCold   + + .        D - +1 buckler "Nett" {rC+ Str+3 Stlth+}
rNeg    + + .        o - +2 robe {rC+ rF+}
rPois   +            j - +2 hat of Buokos {rPois Regen+}
rElec   .            Y - +4 dragonskin cloak
rCorr   .            (gloves unavailable)
SInv    +            (boots unavailable)
Will    +++++        z - amulet of the Four Winds {rN+ Will+++ Clar}
Stlth   +++          Q - ring of Irghish Erpho {Int+6 Slay+4 Stlth+}
HPRegen 1.25/turn    U - ring "Cofraliu" {rF+ rN+ Str+3 Stlth+}
MPRegen 0.32/turn

%: clarity
@: studying Throwing, very quick
A: very small, no large weapons, unfitting armour, see invisible, speed 3, horns
1, agile 1, passive freeze, screaming 2, weak 1, heat vulnerability 1
0: Orb of Zot
}: 3/15 runes: serpentine, barnacled, silver
a: Renounce Religion


You escaped.
You worshipped Vehumet.
Vehumet was exalted by your worship.
You visited 10 branches of the dungeon, and saw 48 of its levels.
You also visited: Volcano.

You collected 7351 gold pieces.
You spent 5073 gold pieces at shops.

Inventory:

Hand Weapons
 y - a +9 quick blade of electrocution (weapon)
 Z - the +4 hand axe "Giokig" {flame, rElec rCorr Int+3 Dex+3}
   (You found it on level 4 of the Shoals)

   Int+3:     It affects your intelligence (+3).
   Dex+3:     It affects your dexterity (+3).
   rElec:     It insulates you from electricity.
   rCorr:     It protects you from acid and corrosion.
Missiles
 W - 8 throwing nets (quivered)
Armour
 j - the +2 hat of Buokos (worn) {rPois Regen+}
   (You acquired it on level 2 of the Orcish Mines)

   rPois:     It protects you from poison Regen+: It increases your rate of
   health regeneration.
 o - a +2 robe of resistance (worn)
 D - the +1 buckler "Nett" (worn) {rC+ Str+3 Stlth+}
   (You found it on level 2 of the Vaults)

   Str+3:     It affects your strength (+3).
   rC+:       It protects you from cold.
   Stlth+:    It makes you more stealthy.
 M - the +1 robe of Vines {NoPotionHeal Regen++++}
   (You found it on level 1 of the Lair of Beasts)

   NoPotionHeal: Its wearer cannot be healed by potions.
   Regen++++: It increases your rate of health regeneration.
 X - a scarf of resistance
 Y - the +4 dragonskin cloak (worn)
   (You took it off Tiamat on level 2 of the Realm of Zot)

   Avatar's Aegis: It grants the wearer a chance to resist fire, cold, poison,
   electricity, acid, and negative energy.
Jewellery
 l - the ring "Trusted Companion" {AC+4 Slay+5}
   (You acquired it on level 1 of the Lair of Beasts)

   [ring of protection]

   AC+4:      It affects your AC (+4).
   Slay+5:    It affects your accuracy & damage with ranged weapons and melee
   (+5).
 q - a +6 ring of intelligence
 z - the amulet of the Four Winds (around neck) {rN+ Will+++ Clar}
   (You found it on level 3 of the Elven Halls)

   [amulet of nothing]

   rN+:       It protects you from negative energy.
   Will+++:   It greatly increases your willpower.
   Clar:      It protects you from confusion, rage, mesmerisation and fear.
 K - the amulet "Fotat" {RegenMP Str+3 Dex+5}
   (You found it on level 3 of the Elven Halls)

   [amulet of magic regeneration]

   RegenMP:   It increases your rate of magic regeneration.
   Str+3:     It affects your strength (+3).
   Dex+5:     It affects your dexterity (+5).
 L - a ring of wizardry
 Q - the ring of Irghish Erpho (left hand) {Int+6 Slay+4 Stlth+}
   (You found it on level 5 of the Lair of Beasts)

   [ring of slaying]

   Int+6:     It affects your intelligence (+6).
   Slay+4:    It affects your accuracy & damage with ranged weapons and melee
   (+4).
   Stlth+:    It makes you more stealthy.
 U - the ring "Cofraliu" (right hand) {rF+ rN+ Str+3 Stlth+}
   (You took it off a merfolk on level 4 of the Shoals)

   [ring of positive energy]

   Str+3:     It affects your strength (+3).
   rF+:       It protects you from fire.
   rN+:       It protects you from negative energy.
   Stlth+:    It makes you more stealthy.
Wands
 e - a wand of flame (23)
 g - a wand of digging (20)
 r - a wand of charming (51)
 E - a wand of mindburst (57)
 G - a wand of polymorph (14)
 R - a wand of quicksilver (26)
 V - a wand of iceblast (50)
Scrolls
 b - 4 scrolls of vulnerability
 c - 11 scrolls of fog
 d - 7 scrolls of revelation
 i - 3 scrolls of poison
 p - 10 scrolls of blinking
 t - 5 scrolls of amnesia
 v - 2 scrolls of enchant weapon
 w - 4 scrolls of butterflies
 C - 2 scrolls of immolation
 F - a scroll of torment
 J - 19 scrolls of teleportation
 N - 7 scrolls of enchant armour
 O - a scroll of silence
 S - 7 scrolls of fear
 T - 26 scrolls of identify
Potions
 a - 2 potions of lignification
 h - 17 potions of curing
 k - 8 potions of cancellation
 m - a potion of berserk rage
 n - 10 potions of might
 s - 9 potions of invisibility
 u - 9 potions of enlightenment
 x - 6 potions of brilliance
 A - 10 potions of heal wounds
 B - 5 potions of ambrosia
 H - 4 potions of mutation
 I - 13 potions of haste
 P - 4 potions of resistance


   Skills:
 - Level 20.0 Fighting
 - Level 4.0 Short Blades
 - Level 19.5 Dodging
 - Level 7.2 Stealth
 - Level 5.0 Shields
 + Level 22.3 Spellcasting
 - Level 6.0 Conjurations
 - Level 11.0 Fire Magic
 - Level 25.0 Ice Magic
 - Level 16.0 Air Magic
 - Level 6.0 Evocations


You had 24 spell levels left.
You knew the following spells:

 Your Spells              Type           Power      Damage    Failure   Level
a - Ozocubu's Refrigerat  Ice            52%        4d19      1%          7
b - Plasma Beam           Fire/Air       40%        2x1d54    1%          6
c - Fireball              Conj/Fire      33%        3d14      1%          5
d - Polar Vortex          Ice            52%        12d7*     1%          9
e - Passwall              Erth           30%        N/A       4%          3
f - Irradiate             Conj/Alch      23%        3d19      3%          5
g - Blink                 Tloc           60%        N/A       2%          2
h - Maxwell's Capacitive  Air            43%        ∞         4%          8

Your spell library contained the following spells:

 Spells                   Type           Power      Damage    Failure   Level
 Ensorcelled Hibernation  Hex/Ice        100%       N/A       0%          2
 Frozen Ramparts          Ice            100%       1d16      0%          3
 Hailstorm                Conj/Ice       85%        3d14      0%          3
 Ozocubu's Armour         Ice            100%       N/A       0%          3
 Swiftness                Air            86%        N/A       0%          3
 Airstrike                Air            43%        2d(7-23)  0%          4
 Apportation              Tloc           60%        N/A       1%          1
 Foxfire                  Conj/Fire      100%       2x1d9     1%          1
 Kiss of Death            Conj/Necr      100%       2d13      1%          1
 Magic Dart               Conj           100%       1d8       1%          1
 Sting                    Conj/Alch      100%       1d9       1%          1
 Summon Small Mammal      Summ           100%       N/A       1%          1
 Mercury Vapours          Alch/Air       100%       N/A       1%          2
 Momentum Strike          Conj/Tloc      92%        3d10      1%          2
 Scorch                   Fire           100%       2d9       1%          2
 Searing Ray              Conj           100%       2d8       1%          2
 Dazzling Flash           Conj/Hex       92%        N/A       1%          3
 Inner Flame              Hex/Fire       56%        N/A       1%          3
 Mephitic Cloud           Conj/Alch/Air  63%        N/A       1%          3
 Summon Ice Beast         Ice/Summ       78%        N/A       1%          3
 Volatile Blastmotes      Fire/Tloc      100%       2d18      1%          3
 Brom's Barrelling Bould  Conj/Erth      46%        2d6       1%          4
 Flame Wave               Conj/Fire      66%        2d15      1%          4
 Fulminant Prism          Conj/Alch      23%        3d12      1%          4
 Ignite Poison            Fire/Alch      56%        N/A       1%          4
 Iskenderun's Mystic Bla  Conj/Tloc      46%        2d10      1%          4
 Sticky Flame             Fire/Alch      56%        2d10      1%          4
 Summon Blazeheart Golem  Fire/Summ      56%        N/A       1%          4
 Summon Lightning Spire   Summ/Air       65%        N/A       1%          4
 Freezing Cloud           Conj/Ice/Air   43%        6-21      1%          5
 Iskenderun's Battlesphe  Conj           58%        2d11      1%          5
 Metabolic Englaciation   Hex/Ice        39%        N/A       1%          5
 Silence                  Hex/Air        32%        N/A       1%          5
 Conjure Ball Lightning   Conj/Air       37%        3x3d12    1%          6
 Sculpt Simulacrum        Ice/Alch       39%        N/A       1%          6
 Call Imp                 Summ           60%        N/A       2%          2
 Jinxbite                 Hex            60%        N/A       2%          2
 Starburst                Conj/Fire      33%        6d10      2%          6
 Call Canine Familiar     Summ           30%        N/A       4%          3
 Fugue of the Fallen      Necr           30%        N/A       4%          3
 Sigil of Binding         Hex            30%        N/A       4%          3
 Tukima's Dance           Hex            30%        N/A       4%          3
 Olgreb's Toxic Radiance  Alch           30%        N/A       4%          4
 Lee's Rapid Deconstruct  Erth           15%        3d10*     12%         5
 Yara's Violent Unravell  Hex/Alch       15%        3d8       12%         5
 Animate Armour           Summ/Erth      60%        N/A       16%         4
 Animate Dead             Necr           30%        N/A       16%         4
 Cause Fear               Hex            15%        N/A       16%         4
 Dimensional Bullseye     Hex/Tloc       15%        N/A       16%         4
 Leda's Liquefaction      Alch/Erth      15%        N/A       16%         4
 Manifold Assault         Tloc           30%        N/A       16%         4
 Passage of Golubria      Tloc           30%        N/A       16%         4
 Petrify                  Alch/Erth      30%        N/A       16%         4
 Orb of Destruction       Conj           29%        9d9       28%         7
 Ignition                 Fire           37%        3d11      28%         8
 Alistair's Intoxication  Alch           20%        N/A       41%         5
 Borgnjor's Vile Clutch   Necr/Erth      15%        N/A       41%         5
 Curse of Agony           Necr           30%        N/A       41%         5
 Summon Forest            Summ/Tloc      15%        N/A       41%         5
 Summon Mana Viper        Hex/Summ       30%        N/A       41%         5
 Eringya's Noxious Bog    Alch           15%        4d6       50%         6
 Spellforged Servitor     Conj/Summ      23%        N/A       67%         7
 Death Channel            Necr           15%        N/A       94%         6
 Dispersal                Tloc           15%        N/A       94%         6
 Summon Cactus Giant      Summ           15%        N/A       94%         6
 Chain Lightning          Conj/Air       37%        3d49      98%         9
 Lehudib's Crystal Spear  Conj/Erth      23%        10d6      99%         8
 Enfeeble                 Hex            15%        N/A       100%        7
 Monstrous Menagerie      Summ           15%        N/A       100%        7
 Summon Hydra             Summ           15%        N/A       100%        7
 Dragon's Call            Summ           15%        N/A       100%        9
 Fire Storm               Conj/Fire      33%        8d8       100%        9
 Shatter                  Erth           15%        3d15*     100%        9


Dungeon Overview and Level Annotations

Branches:
Dungeon (15/15)            Temple (1/1) D:5            Lair (5/5) D:10
 Shoals (4/4) Lair:3        Snake (4/4) Lair:2        Slime (0/5) Lair:4
    Orc (2/2) D:9             Elf (3/3) Orc:2        Vaults (5/5) D:13
  Crypt (0/3) Vaults:3     Depths (4/4) D:15            Zot (5/5) Depths:4
Volcano (visited)

Altars:
Ashenzari
Cheibriados
Dithmenos
Elyvilon
Fedhas
Gozag
Hepliaklqana
Kikubaaqudgha
Makhleb
Nemelex Xobeh
Okawaru
Qazlal
Ru
Sif Muna
Trog
Uskayaw
Vehumet
Wu Jian
Xom
Yredelemnul
Zin
The Shining One
Jiyva

Shops:
D:11 *   D:13 :   D:15 *   Orc:1 [   Orc:2 *?!=   Elf:1 (**(   Elf:2 :
Elf:3 (   Lair:2 (   Shoals:1 *!   Shoals:2 *   Snake:1 [:(((**(   Vaults:1 [
Vaults:5 ?!!!   Depths:3 *

Portals:
Hell: Depths:1 Depths:2 Depths:3 Depths:4
Abyss: Depths:3 Depths:4
Pandemonium: Depths:2
Ziggurat: Depths:4

Annotations:
D:2 Crazy Yiuf
D:9 exclusion: statue
D:11 Boris
D:13 exclusion: orange crystal statue
D:14 3 runed translucent doors, Kous's ghost, journeyman DsMo
Lair:1 2 transporters, paps's ghost, journeyman TrBe
Vaults:3 Mennas
Depths:1 2 transporters, Atiunar's ghost, master TrDe
Zot:4 2 transporters
Zot:5 exclusion: orange crystal statue


Innate Abilities, Weirdness & Mutations

You are very small and have problems with some larger weapons.
You are too small for most types of armour.
You have supernaturally acute eyesight. (SInv)
You cover ground extremely quickly. (Speed+++)
You have a pair of small horns on your head.
You are agile. (Dex +4, Str/Int -1)
A frigid envelope surrounds you and freezes all who hurt you.
You frequently scream uncontrollably at your foes.
You are weak. (Str -2)
You are vulnerable to heat. (rF-)


Message History

There is a stone staircase leading down here.
What level of the Dungeon? (default 1, ? - help)
There is a stone staircase leading up here.
You climb upwards.
There is a stone staircase leading down here.
Magic restored.
There is a stone staircase leading up here.
HP restored.
A Loisuaz and a chaos spawn come into view.
Loisuaz moves out of view.
The chaos spawn moves out of view.
There is a stone staircase leading up, spattered with blood here.
You climb upwards.
There is a stone staircase leading down here.
What level of the Dungeon? (default 1, ? - help)
There is a stone staircase leading up here.
You climb upwards.
There is a stone staircase leading down here.
There is a stone staircase leading up here.
You climb upwards.
There is a stone staircase leading down here.
There is a stone staircase leading up here.
You climb upwards.
There is a stone staircase leading down here.
You see here a +0 dagger.
There is a stone staircase leading up, spattered with blood here.
Things that are here:
a +0 short sword; an orc skeleton You climb upwards.
There is a stone staircase leading down here.
There is an escape hatch in the floor here.
There is an escape hatch in the ceiling here.
A mysterious force pulls you upwards. The hatch slams shut behind you.
Level annotation: Crazy Yiuf
There is a stone staircase leading up here.
You climb upwards.
There is a stone staircase leading down here.
There is a large open door here.
There is an open gate here.
There is a staircase leading out of the dungeon here.
You have escaped!

#.##.########## #.# ###### #.##.#
#.# ♣♣♣♣♣♣ ♣♣♣ #.##.#
#'############# #.##.#
#.............. #.##.######
#.............. #.##......###
#..##......##..
#....#......#♣♣####..##......##..
#.##.#.##.#.#♣.#..'..............
####.#.##.#.#♣.#@.'..............
#....#.#..#.#♣.#..'..............
#.#..#.#..#.#♣♣####..##......##..
#.#..#......# #..#..##......##..
#.######.#..####..#..............
#.#...............#..............
#.#.#####..#.####.#..############
#.#.#......#......#⌠⌠# ♣♣♣♣.♣ ♣♣♣
#......#...######.########♣♣♣####


There were no monsters in sight!

Vanquished Creatures
  Tiamat (Zot:2)
  3 dread liches
  6 orbs of fire (Zot:5)
  An ancient lich (Zot:5)
  Mara (Vaults:5)
  The ghost of Befigh the Messiah, a legendary HOFi of Beogh (Zot:1)
  2 juggernauts
  Sojobo (Depths:3)
  Josephina (Zot:4)
  Bai Suzhen (Depths:2)
  Boris (Elf:3)
  Margery (Vaults:5)
  4 Killer Klowns
  13 golden dragons
  A hellephant (Vaults:5)
  4 electric golems
  2 walking crystal tomes
  2 liches
  An Ice Fiend (Depths:3)
  16 tentacled monstrosities
  A walking earthen tome (Depths:2)
  3 deep elf master archers (Elf:3)
  10 quicksilver dragons
  25 Orb Guardians (Zot:5)
  7 titans
  9 sphinxes
  Gastronok (Lair:3)
  5 deep elf blademasters
  Polyphemus (Shoals:2)
  2 Executioners
  An ancient champion (Vaults:3)
  13 death cobs
  4 krakens (Shoals:3)
  14 tengu reavers
  Aizul (Snake:4)
  An eldritch tentacle (Zot:5)
  Ilsuiw (Shoals:4)
  16 storm dragons
  12 shadow dragons
  8 nagarajas
  8 protean progenitors
  10 draconian monks
  3 fire giants
  5 draconian knights
  3 iron dragons
  18 vault wardens
  3 deep elf sorcerers
  9 frost giants
  6 draconian scorchers
  A balrug (Depths:3)
  3 ghost moths
  10 draconian shifters
  A deep elf elementalist (Elf:3)
  Louise (Shoals:1)
  A spriggan defender (Depths:2)
  3 draconian stormcallers
  15 ironbound preservers
  A reaper (Depths:4)
  7 draconian annihilators
  16 stone giants
  27 very ugly things
  A formless jellyfish (Vaults:4)
  9 ironbound thunderhulks
  14 black draconians
  5 vampire knights (Depths:2)
  8 deep elf death magi
  4 deep elf annihilators
  4 deep elf demonologists
  15 dire elephants
  11 yellow draconians
  20 green draconians
  10 white draconians
  19 purple draconians
  2 war gargoyles (Vaults:4)
  31 red draconians
  7 spark wasps
  2 blizzard demons
  A green death (D:15)
  8 ettins
  4 deep elf high priests
  2 crystal guardians (Vaults:4)
  2 entropy weavers
  13 merfolk impalers
  11 fire dragons
  4 merfolk javelineers (Shoals:4)
  7 yaktaur captains
  3 salamander tyrants (Snake:4)
  Snorg (D:10)
  6 great orbs of eyes
  38 vault guards
  Erolcha (D:9)
  9 ice dragons
  6 hydras
  5 rakshasas
  3 peacekeepers
  4 catoblepae
  A jorogumo (shapeshifter) (Elf:1)
  9 anacondas
  2 merfolk avatars
  4 spriggan air magi
  2 ogre magi (Vaults:5)
  13 ironbound frosthearts
  28 dancing weapons
  4 boulder beetles
  2 satyrs (Shoals:4)
  9 merfolk aquamancers
  8 centaur warriors
  3 hell hogs (Depths:4)
  2 two-headed ogres
  16 deep troll shamans
  20 naga warriors
  8 deep troll earth magi
  3 tengu warriors
  10 death yaks
  An occultist (Depths:1)
  12 naga sharpshooters
  4 spriggan berserkers
  8 shock serpents
  11 sun demons
  12 deep elf knights
  An orc high priest (Elf:1)
  21 hell knights
  2 soul eaters
  6 salamander mystics
  3 death drakes (Depths:4)
  4 skysharks
  A flayed ghost (Depths:2)
  63 deep trolls
  10 iron trolls
  10 skeletal warriors
  28 sea snakes
  4 large abominations
  9 mana vipers
  A deep troll (shapeshifter) (Vaults:5)
  4 glowing orange brains
  A lindwurm (Vaults:1)
  A mana viper (shapeshifter) (Vaults:5)
  6 naga ritualists
  4 arcanists
  An orb spider (shapeshifter) (Vaults:5)
  4 phantasmal warriors
  3 glowing orange brains (shapeshifter) (Vaults:5)
  13 deep elf archers
  A harpy (shapeshifter) (D:13)
  2 orange crystal statues (Depths:3)
  11 orc knights
  32 harpies
  33 deep elf pyromancers
  32 deep elf zephyrmancers
  5 necromancers
  5 thermic dynamos
  19 ironbound convokers
  32 ugly things
  A spriggan simulacrum (Depths:3)
  3 orc sorcerers
  A frost giant zombie (Depths:1)
  4 cyclopes
  2 oklob plants (Lair:1)
  A human zombie (Vaults:1)
  2 fire giant zombies
  20 salamanders
  19 manticores
  2 tengu skeletons
  27 moths of wrath
  3 fauns
  4 elephants
  2 stone giant skeletons
  A meliai (shapeshifter) (Elf:1)
  An elephant (shapeshifter) (Depths:4)
  9 merfolk sirens
  A rust devil (D:10)
  4 guardian serpents
  3 water nymphs
  44 black mambas
  A titan simulacrum (Vaults:5)
  15 cane toads
  6 kobold blastminers
  7 smoke demons
  9 naga magi
  17 vault sentinels
  A fire giant skeleton (Vaults:3)
  An orange demon (D:10)
  A cane toad (shapeshifter) (Elf:1)
  3 rime drakes
  An unseen horror (shapeshifter) (Elf:1)
  An elf skeleton (Vaults:3)
  3 unseen horrors
  3 freezing wraiths
  A torpor snail (Lair:3)
  7 komodo dragons
  43 yaktaurs
  A rime drake (shapeshifter) (Elf:1)
  5 tengu conjurers
  4 human skeletons
  2 kobold demonologists
  A yaktaur skeleton (Vaults:3)
  An efreet (D:14)
  A golden dragon simulacrum (Depths:3)
  2 red devils (D:10)
  2 tengu simulacra
  2 hellwings
  A merfolk (shapeshifter) (Vaults:5)
  7 trolls
  4 polar bears
  A wind drake (shapeshifter) (D:13)
  34 merfolk
  3 hornets
  2 queen bees (shapeshifter) (Elf:1)
  5 wind drakes
  2 shadow dragon simulacra
  A glass eye (Depths:2)
  A spriggan zombie (Depths:1)
  4 dream sheep (Shoals:1)
  21 blink frogs
  9 snapping turtles
  A draconian simulacrum (Zot:4)
  51 slime creatures
  4 air elementals
  3 centaur simulacra (D:15)
  7 wyverns
  An ettin skeleton (Vaults:3)
  A vampire (D:13)
  A shadow (D:11)
  2 spriggans
  24 water elementals
  Sigmund (D:3)
  3 wraiths
  2 neqoxecs (D:10)
  Grum (D:8)
  53 yaks
  5 steam dragons (Volcano)
  4 fire elementals
  3 wargs
  6 vampire mosquitoes
  6 basilisks
  A chaos spawn (D:10)
  3 fire bats (Orc:1)
  A redback (Vaults:1)
  Menkaure (D:7)
  56 nagas
  A glowing shapeshifter zombie (Depths:1)
  An acid dragon (D:12)
  15 water moccasins
  2 glowing shapeshifter skeletons (Vaults:3)
  3 hell hounds (Volcano)
  An ogre skeleton (Vaults:3)
  5 black bears
  42 orc warriors
  2 sky beasts
  2 laughing skulls (D:15)
  2 ogres
  An ettin simulacrum (Depths:3)
  16 ice beasts
  19 wolves
  14 centaurs
  2 phantoms
  2 kobold brigands
  13 bullfrogs
  A brain worm (shapeshifter) (Elf:1)
  A gnoll sergeant (D:11)
  7 scorpions
  2 earth elementals
  2 glowing shapeshifter simulacra (Depths:3)
  13 wights
  10 killer bees (D:8)
  2 howler monkeys
  8 electric eels
  A lava snake (D:11)
  2 bombardier beetles
  6 hounds
  2 gnoll boudas
  A jelly (D:7)
  14 orc priests
  5 iguanas
  5 hell rats
  A sleepcap (D:7)
  22 orc wizards
  14 gnolls
  4 adders
  6 white imps (D:15)
  5 ufetubi
  4 dart slugs
  5 ribbon worms
  75 orcs
  3 bats
  7 endoplasms
  9 giant cockroaches
  4 goblins
  11 hobgoblins
  9 jackals
  10 kobolds
  6 quokkas
  A ball python (D:1)
  4 frilled lizards
  2 rats
  15 aspiring fleshes
  A spectral weapon (Elf:2)
  2 tentacles (Shoals:3)
2279 creatures vanquished.

Vanquished Creatures (collateral kills)
  73 foxfires
73 creatures vanquished.

Vanquished Creatures (others)
  An eldritch tentacle (Zot:5)
  A death cob (Zot:4)
  A naga (Snake:2)
  2 moth of wrath simulacra (Zot:4)
  An orc wizard (D:9)
  3311 foxfires
  55 tentacles (Shoals:3)
3372 creatures vanquished.

Grand Total: 5724 creatures vanquished

Notes
Turn   | Place    | Note
-------+----------+-------------------------------------------
     0 | D:5      | GordonOverkill the Spriggan Delver began the quest for the
                  | Orb.
     0 | D:5      | Reached XP level 1. HP: 11/11 MP: 2/2
     5 | D:6      | Noticed an orc wizard
    10 | D:6      | Noticed an orc wizard
    19 | D:5      | Noticed a hound
    41 | D:5      | Noticed a bullfrog
    59 | D:5      | Noticed a water moccasin
   102 | D:4      | Noticed a scorpion
   214 | D:3      | Noticed an iguana
   221 | D:3      | Killed an iguana
   222 | D:3      | Reached XP level 2. HP: 16/16 MP: 3/3
   222 | D:3      | Reached XP level 3. HP: 20/20 MP: 4/4
   428 | D:3      | Noticed Sigmund
   605 | D:1      | Reached skill level 1 in Spellcasting
   605 | D:1      | Reached XP level 4. HP: 5/24 MP: 7/7
  1719 | D:2      | Reached skill level 1 in Conjurations
  1719 | D:2      | Reached XP level 5. HP: 21/28 MP: 10/10
  2102 | D:2      | Found a faded altar of an unknown god.
  2599 | D:3      | Killed Sigmund
  2600 | D:3      | Reached skill level 1 in Evocations
  2600 | D:3      | Reached XP level 6. HP: 20/32 MP: 11/11
  2790 | D:3      | Found a runed translucent door.
  2791 | D:3      | Noticed Crazy Yiuf
  3343 | D:3      | HP: 1/32 [Crazy Yiuf/+4 quarterstaff of chaos (14)]
  4098 | D:4      | Reached XP level 7. HP: 22/36 MP: 12/12
  4441 | D:4      | Found a hazy altar of Hepliaklqana.
  5717 | D:5      | Reached skill level 5 in Conjurations
  5941 | D:5      | Reached XP level 8. HP: 42/42 MP: 13/13
  6145 | D:5      | Learned a level 1 spell: Foxfire
  6304 | D:5      | Reached skill level 1 in Fire Magic
  6669 | D:5      | Found a staircase to the Ecumenical Temple.
  6749 | Temple   | Entered the Ecumenical Temple
  7398 | D:6      | Reached XP level 9. HP: 41/45 MP: 16/16
  7547 | D:6      | Found a hide-covered altar of Uskayaw.
  8210 | D:7      | Noticed Menkaure
  8543 | D:7      | Killed Menkaure
  8761 | D:7      | Reached skill level 5 in Fire Magic
  8768 | D:7      | Learned a level 6 spell: Plasma Beam
  8871 | D:7      | Found a sparkling altar of Nemelex Xobeh.
  9112 | D:7      | Found a bloodstained altar of Trog.
  9168 | D:7      | Found a basalt altar of Yredelemnul.
  9315 | D:7      | Reached skill level 5 in Dodging
  9451 | D:7      | HP: 2/45 [sleepcap (19)]
 10233 | D:7      | Found a sparkling altar of Nemelex Xobeh.
 10329 | D:7      | Found a basalt altar of Yredelemnul.
 10472 | D:7      | Found a bloodstained altar of Trog.
 10687 | D:7      | HP: 2/45 [wyvern (7)]
 11102 | D:8      | Reached skill level 5 in Spellcasting
 11387 | D:8      | Reached XP level 10. HP: 18/49 MP: 20/20
 11389 | D:8      | Reached skill level 1 in Air Magic
 12105 | D:8      | Noticed Grum
 12126 | D:8      | Killed Grum
 12883 | D:9      | Found a radiant altar of Vehumet.
 13263 | D:9      | Became a worshipper of Vehumet
 13524 | D:9      | Reached skill level 5 in Air Magic
 13647 | D:9      | Found a staircase to the Orcish Mines.
 13667 | D:9      | Noticed Erolcha
 13792 | D:9      | Killed Erolcha
 14626 | D:10     | Entered Level 10 of the Dungeon
 15259 | D:10     | Reached XP level 11. HP: 28/53 MP: 21/21
 15355 | D:10     | Found a staircase to the Lair.
 15405 | D:10     | Reached * piety under Vehumet
 15405 | D:10     | Offered knowledge of Kiss of Death by Vehumet.
 16007 | D:10     | Reached skill level 10 in Dodging
 16586 | D:10     | Found a white marble altar of Elyvilon.
 16586 | D:10     | Found a shimmering blue altar of Sif Muna.
 16621 | D:10     | Gained mutation: Your body sometimes deteriorates upon
                  | taking damage. [a neqoxec]
 18074 | D:11     | Found Ciwe's Overcharged Wands.
 18164 | D:11     | Noticed Snorg
 18550 | D:10     | Killed Snorg
 19196 | D:11     | Noticed a sun demon
 20347 | Lair:1   | Entered Level 1 of the Lair of Beasts
 20991 | Lair:1   | Found a transporter.
 20994 | Lair:1   | Found a transporter.
 20994 | Lair:1   | Noticed paps's ghost (journeyman TrBe)
 21026 | Lair:1   | Noticed a five-headed hydra
 21403 | Lair:1   | Reached skill level 15 in Dodging
 21453 | Lair:1   | Noticed an oklob plant
 21492 | Lair:1   | Killed an oklob plant
 21749 | Lair:1   | Noticed an eight-headed hydra
 21761 | Lair:1   | Reached XP level 12. HP: 58/58 MP: 22/22
 21798 | Lair:1   | Killed an eight-headed hydra
 22169 | D:10     | HP: 1/58 [poisoned by a cane toad]
 22170 | D:10     | Offered knowledge of Sandblast by Vehumet.
 22997 | Lair:1   | Noticed a five-headed hydra
 23006 | Lair:1   | Killed a five-headed hydra
 23059 | Lair:1   | Found the +1 robe of Vines {NoPotionHeal Regen++++}
 23379 | Lair:1   | Identified 2 scrolls of acquirement
 23379 | Lair:1   | Acquired a book of the Spheres
 23381 | Lair:1   | Acquired the ring "Trusted Companion" {AC+4 Slay+5}
 23495 | Lair:2   | Reached ** piety under Vehumet
 23560 | Lair:2   | Noticed a seven-headed hydra
 23606 | Lair:2   | Killed a seven-headed hydra
 24651 | Lair:2   | Offered knowledge of Volatile Blastmotes by Vehumet.
 25089 | Lair:2   | Found a staircase to the Snake Pit.
 25615 | Lair:3   | Identified the +10 war axe of Peril {speed, rPois Will+
                  | Str+3}
 25673 | Lair:3   | Reached *** piety under Vehumet
 25674 | Lair:3   | Reached XP level 13. HP: 61/61 MP: 23/23
 26083 | Lair:3   | Noticed Gastronok
 26283 | Lair:3   | Offered knowledge of Inner Flame by Vehumet.
 26719 | Lair:3   | Found a staircase to the Shoals.
 26775 | Lair:3   | Reached skill level 10 in Air Magic
 27195 | Lair:3   | Killed Gastronok
 27806 | Lair:4   | Reached **** piety under Vehumet
 27983 | Lair:4   | Offered knowledge of Irradiate by Vehumet.
 28284 | Lair:4   | Found a staircase to the Slime Pits.
 28903 | Lair:4   | Learned a level 5 spell: Fireball
 28918 | Lair:5   | Entered Level 5 of the Lair of Beasts
 31342 | Lair:5   | Reached skill level 10 in Fire Magic
 31670 | Lair:5   | Identified the ring of Irghish Erpho {Int+6 Slay+4 Stlth+}
 31858 | Lair:5   | Reached XP level 14. HP: 66/66 MP: 24/24
 31867 | Lair:5   | Reached ***** piety under Vehumet
 31873 | Lair:5   | Offered knowledge of Bombard by Vehumet.
 33124 | D:12     | Reached skill level 10 in Spellcasting
 35456 | D:13     | Found Nogaerigh's Tiny Tomes.
 35474 | D:13     | Found a gate to the Vaults.
 35541 | D:13     | Found a runed translucent door.
 36654 | D:13     | Identified the +3 ice dragon scales "Rimnastadue" {rF- rC++
                  | Regen+ MP+9 Str+2}
 36656 | D:13     | Identified the +7 mace of the Burning God {vamp, rCorr
                  | Str+4}
 37187 | Orc:1    | Entered Level 1 of the Orcish Mines
 37455 | Orc:1    | Found a dark tunnel.
 37466 | Volcano  | Entered a volcano
 37910 | Volcano  | Reached XP level 15. HP: 70/70 MP: 23/30
 38376 | Volcano  | Offered knowledge of Sticky Flame by Vehumet.
 38812 | Orc:1    | Found Tysuseip's Armour Boutique.
 39031 | Orc:2    | Entered Level 2 of the Orcish Mines
 41205 | Orc:2    | Found a staircase to the Elven Halls.
 41208 | Orc:2    | Found an iron altar of Okawaru.
 41391 | Orc:2    | Reached skill level 5 in Fighting
 41900 | Orc:2    | Found Intoy's Magic Scroll Emporium.
 41900 | Orc:2    | Found Kixtoud's Distillery.
 41902 | Orc:2    | Found Ucsoclik's Jewellery Boutique.
 41904 | Orc:2    | Found Estous's Assorted Antiques.
 41908 | Orc:2    | Bought a scroll of acquirement for 728 gold pieces
 41908 | Orc:2    | Bought a scroll of enchant armour for 105 gold pieces
 41908 | Orc:2    | Bought a scroll of identify for 28 gold pieces
 41908 | Orc:2    | Bought a scroll of identify for 28 gold pieces
 41908 | Orc:2    | Bought 3 scrolls of enchant weapon for 315 gold pieces
 41908 | Orc:2    | Bought 2 scrolls of identify for 56 gold pieces
 41908 | Orc:2    | Bought a scroll of teleportation for 42 gold pieces
 41908 | Orc:2    | Bought a scroll of butterflies for 56 gold pieces
 41908 | Orc:2    | Bought a scroll of teleportation for 42 gold pieces
 41908 | Orc:2    | Acquired the +2 hat of Buokos {rPois Regen+}
 41922 | Orc:2    | Bought a potion of enlightenment for 60 gold pieces
 41922 | Orc:2    | Bought a potion of heal wounds for 60 gold pieces
 41922 | Orc:2    | Bought a potion of heal wounds for 60 gold pieces
 41922 | Orc:2    | Bought a potion of haste for 120 gold pieces
 41922 | Orc:2    | Bought a potion of curing for 36 gold pieces
 41922 | Orc:2    | Bought 2 potions of cancellation for 192 gold pieces
 44094 | D:14     | Found a broken altar of Ashenzari.
 44238 | D:14     | Found a runed translucent gate.
 44239 | D:14     | Found a runed translucent gate.
 44240 | D:14     | Found a runed translucent gate.
 44255 | D:14     | Noticed an azure jelly
 44258 | D:14     | Noticed an acid blob
 44265 | D:14     | Noticed Kous's ghost (journeyman DsMo)
 44783 | D:14     | Found a viscous altar of Jiyva.
 44803 | D:15     | Entered Level 15 of the Dungeon
 46091 | D:15     | Reached skill level 1 in Shields
 46403 | D:15     | Found Puezxioz's Elemental Accessories.
 49311 | D:15     | Found a staircase to the Depths.
 49755 | Shoals:1 | Entered Level 1 of the Shoals
 50642 | Shoals:1 | Identified the +6 mace of Inquiry {venom, ^Drain Will++
                  | Dex+3}
 50893 | Shoals:1 | Reached skill level 5 in Shields
 50894 | Shoals:1 | Noticed Louise
 51005 | Shoals:1 | Killed Louise
 51134 | Shoals:1 | Reached XP level 16. HP: 81/81 MP: 20/31
 51340 | Shoals:1 | Found Xunaqy's Gadget Gallery.
 51547 | Shoals:1 | Found Roqif's Distillery.
 51574 | Shoals:1 | Identified the blade talisman of the True Pharaoh {rPois
                  | rF+ Str+5}
 51692 | Shoals:1 | Offered knowledge of Ozocubu's Refrigeration by Vehumet.
 51836 | Shoals:1 | Learned a level 7 spell: Ozocubu's Refrigeration
 51907 | Shoals:1 | Reached skill level 1 in Ice Magic
 52583 | Shoals:2 | Reached skill level 2 in Ice Magic
 53310 | Shoals:2 | Reached skill level 3 in Ice Magic
 53721 | Shoals:2 | Reached skill level 4 in Ice Magic
 53992 | Shoals:1 | Reached skill level 5 in Ice Magic
 54484 | Shoals:2 | Reached skill level 6 in Ice Magic
 54605 | Shoals:2 | Noticed Polyphemus
 54610 | Shoals:2 | Killed Polyphemus
 55087 | Shoals:2 | Reached skill level 7 in Ice Magic
 55230 | Shoals:2 | Found Goffodir's General Store.
 55814 | Shoals:3 | Noticed a kraken
 55815 | Shoals:3 | Noticed a kraken
 56150 | Shoals:3 | Offered knowledge of Yara's Violent Unravelling by Vehumet.
 56169 | Shoals:3 | Reached skill level 8 in Ice Magic
 56434 | Shoals:3 | Noticed a kraken
 56982 | Shoals:3 | Killed a kraken
 57164 | Shoals:3 | Killed a kraken
 57306 | Shoals:3 | Noticed a kraken
 57312 | Shoals:3 | Killed a kraken
 57499 | Shoals:3 | Killed a kraken
 57721 | Shoals:3 | Reached skill level 9 in Ice Magic
 58172 | Shoals:4 | Entered Level 4 of the Shoals
 58424 | Shoals:4 | Reached XP level 17. HP: 85/85 MP: 21/34
 58766 | Shoals:4 | Noticed Ilsuiw
 59622 | Shoals:4 | Reached skill level 10 in Ice Magic
 60399 | Shoals:4 | Offered knowledge of Spellforged Servitor by Vehumet.
 60507 | Shoals:4 | Reached skill level 11 in Ice Magic
 60661 | Shoals:4 | Identified the ring "Cofraliu" {rF+ rN+ Str+3 Stlth+}
 60972 | Shoals:4 | Killed Ilsuiw
 61548 | Shoals:4 | Got the Encyclopedia of Curses
 61836 | Shoals:4 | Identified the +4 sling of Ymmit {heavy, Int+3}
 62019 | Shoals:4 | Got a barnacled rune of Zot
 62318 | Shoals:4 | Identified the +4 hand axe "Giokig" {flame, rElec rCorr
                  | Int+3 Dex+3}
 62593 | Vaults:1 | Entered Level 1 of the Vaults
 62697 | Vaults:1 | Reached skill level 12 in Ice Magic
 64058 | Vaults:1 | Found Qelot's Armour Emporium.
 64315 | Vaults:1 | Reached skill level 13 in Ice Magic
 64352 | Vaults:1 | Offered knowledge of Arcjolt by Vehumet.
 66765 | Vaults:2 | Noticed a sphinx
 66768 | Vaults:2 | Killed a sphinx
 66769 | Vaults:2 | Reached XP level 18. HP: 90/90 MP: 16/35
 66956 | Vaults:2 | Identified the +1 buckler "Nett" {rC+ Str+3 Stlth+}
 67440 | Vaults:2 | Reached skill level 14 in Ice Magic
 68806 | Vaults:2 | Reached skill level 15 in Ice Magic
 69769 | Vaults:2 | Offered knowledge of Lehudib's Crystal Spear by Vehumet.
 70721 | Vaults:2 | Reached skill level 10 in Fighting
 75178 | Vaults:3 | Reached XP level 19. HP: 100/100 MP: 2/36
 75527 | Vaults:3 | Found a staircase to the Crypt.
 76444 | Vaults:4 | Reached skill level 5 in Evocations
 76483 | Vaults:4 | Paralysed by a formless jellyfish for 1 turns
 76493 | Vaults:4 | Noticed Mennas
 76833 | Vaults:4 | Identified the +5 shortbow of Compassion {antimagic, rN+
                  | SInv Stlth+}
 80222 | Snake:1  | Entered Level 1 of the Snake Pit
 80222 | Snake:1  | Found Silip's Antique Weapon Shop.
 80578 | Snake:1  | Found Jyen's Assorted Antiques.
 80625 | Snake:1  | Bought a potion of curing for 99 gold pieces
 80625 | Snake:1  | Bought a scroll of fear for 132 gold pieces
 80935 | Snake:1  | Found Soxkuythrot's Assorted Antiques.
 80940 | Snake:1  | Found Bibyupn's Weapon Boutique.
 80977 | Snake:1  | Reached skill level 16 in Ice Magic
 81642 | Snake:1  | Found Guyforas's Antique Weapon Shop.
 81644 | Snake:1  | Found Meanta Xaic's Antique Weapon Boutique.
 81646 | Snake:1  | Found Meclug's Book Shop.
 81654 | Snake:1  | Bought a book of Ice for 650 gold pieces
 81898 | Snake:1  | Found Nunemo's Armour Shoppe.
 82004 | Snake:1  | Identified the +5 hand axe "Xoiboi" {speed, ^Fragile rCorr
                  | Dex+5}
 82873 | Snake:2  | Found a glowing golden altar of the Shining One.
 83072 | Snake:2  | Learned a level 9 spell: Polar Vortex
 83784 | Snake:2  | You fall into a shaft and drop 1 floor!
 84671 | Snake:3  | Reached skill level 17 in Ice Magic
 85026 | Snake:3  | Identified the +1 plate armour of Daffodils {rF+ Will- SInv
                  | Stlth+}
 86251 | Snake:4  | Entered Level 4 of the Snake Pit
 86996 | Snake:4  | Identified the serpent talisman of the Eagle {rC- Will++
                  | Str+3}
 86996 | Snake:4  | Noticed Aizul
 87004 | Snake:4  | Killed Aizul
 87320 | Snake:4  | Reached XP level 20. HP: 105/107 MP: 24/37
 87322 | Snake:4  | Reached ****** piety under Vehumet
 87955 | Snake:4  | Offered knowledge of Ignition by Vehumet.
 87965 | Snake:4  | Learned a level 3 spell: Passwall
 88861 | Snake:4  | Reached skill level 18 in Ice Magic
 90668 | Snake:4  | Got a serpentine rune of Zot
 93383 | Depths:1 | Entered Level 1 of the Depths
 93388 | Depths:1 | Reached skill level 19 in Ice Magic
 94749 | Depths:1 | Found a broken altar of Ashenzari.
 95746 | Depths:1 | Found a transporter.
 95746 | Depths:1 | Noticed an ancient lich
 96067 | Depths:1 | Found a transporter.
 96116 | Depths:1 | Noticed Atiunar's ghost (master TrDe)
 96729 | Depths:1 | Reached skill level 20 in Ice Magic
 96936 | Depths:1 | Found a gateway to Hell.
 97169 | Depths:2 | Found an ancient bone altar of Kikubaaqudgha.
 97360 | Depths:2 | Reached XP level 21. HP: 111/111 MP: 11/38
 98640 | Depths:2 | Noticed a juggernaut
 99315 | Depths:1 | Killed a juggernaut
 99316 | Depths:1 | Reached skill level 15 in Spellcasting
 99885 | Depths:2 | Noticed a golden dragon
 99900 | Depths:2 | Killed a golden dragon
100645 | Depths:2 | Found Mitro's Weapon Shoppe.
101197 | Depths:2 | Noticed Bai Suzhen
101232 | Depths:2 | Killed Bai Suzhen
101623 | Depths:2 | Found a one-way gate leading to the halls of Pandemonium.
102541 | Depths:2 | Reached skill level 21 in Ice Magic
103253 | Depths:2 | Identified the +3 orcbow "Murmur" {heavy, rF+ Dex+6}
103558 | Orc:2    | Bought an amulet of reflection for 330 gold pieces
103823 | Depths:3 | Found a one-way gate to the infinite horrors of the Abyss.
104204 | Depths:3 | Noticed Sojobo
104213 | Depths:3 | Killed Sojobo
105483 | Depths:3 | Reached XP level 22. HP: 115/115 MP: 20/42
106227 | Depths:3 | Found Big Baal Hell's Store.
106536 | Depths:4 | Entered Level 4 of the Depths
106536 | Depths:4 | Noticed a juggernaut
106540 | Depths:4 | Reached skill level 22 in Ice Magic
106540 | Depths:4 | Killed a juggernaut
108536 | Depths:4 | Found a one-way gateway to a ziggurat.
109123 | Depths:4 | Identified the staff "Vaisaigu" {Str+6 Conj}
109866 | Depths:4 | Noticed a golden dragon
110118 | Depths:4 | Killed a golden dragon
110388 | Depths:4 | Found a gate to the Realm of Zot.
110964 | Depths:4 | Identified the +7 demon trident "Kiagrilu" {venom, Will+}
110971 | Depths:4 | Reached skill level 23 in Ice Magic
113606 | Vaults:4 | Reached XP level 23. HP: 121/121 MP: 40/45
113760 | Vaults:5 | Entered Level 5 of the Vaults
115338 | Vaults:5 | Reached skill level 15 in Fighting
115489 | Vaults:5 | Noticed Mara
115578 | Vaults:5 | Killed Mara
117134 | Vaults:5 | Identified the +2 pair of gloves of the Endless Expanse
                  | {*Corrode *Slow Int+7 Stlth+}
117702 | Vaults:5 | Noticed a dread lich
118052 | Vaults:5 | Killed a dread lich
118369 | Vaults:5 | Identified the staff "Quewk" {rPois Will++ Alchemy}
118418 | Vaults:5 | Identified the +5 scimitar of Blind Justice {flame, rElec
                  | Str+5 Int+2}
118494 | Vaults:5 | Identified the +9 scale mail of Tomorrow {MP-9 Str+3}
119023 | Vaults:5 | Got the Essays on the Spicy Sarcophagus
119188 | Vaults:5 | Identified the +4 ring mail "Winalec" {^Contam Harm MP+9}
119225 | Vaults:5 | Got a silver rune of Zot
119325 | Vaults:5 | Noticed Margery
119610 | Vaults:5 | Killed Margery
119614 | Vaults:5 | Killed the ghostly Margery
119615 | Vaults:5 | Reached skill level 24 in Ice Magic
120441 | Vaults:5 | Reached XP level 24. HP: 132/132 MP: 29/45
120671 | Vaults:5 | Found Durgh's Distillery.
120676 | Vaults:5 | Bought a potion of curing for 42 gold pieces
120676 | Vaults:5 | Bought a potion of haste for 140 gold pieces
120676 | Vaults:5 | Bought a potion of invisibility for 112 gold pieces
120676 | Vaults:5 | Bought 2 potions of curing for 84 gold pieces
120676 | Vaults:5 | Bought 2 potions of mutation for 224 gold pieces
120713 | Vaults:5 | Found Doxoisiunn's Distillery.
120721 | Vaults:5 | Bought a potion of haste for 230 gold pieces
120721 | Vaults:5 | Bought a potion of enlightenment for 115 gold pieces
120721 | Vaults:5 | Bought 2 potions of magic for 368 gold pieces
120721 | Vaults:5 | Bought a potion of curing for 69 gold pieces
120768 | Vaults:5 | Found Zaat's Magic Scroll Emporium.
120768 | Vaults:5 | Found Fehucy's Distillery.
120773 | Vaults:5 | Bought a scroll of blinking for 120 gold pieces
120773 | Vaults:5 | Bought a scroll of blinking for 120 gold pieces
120773 | Vaults:5 | Bought a scroll of revelation for 120 gold pieces
120780 | Vaults:5 | Bought a potion of enlightenment for 55 gold pieces
120780 | Vaults:5 | Bought a potion of enlightenment for 55 gold pieces
121051 | Elf:1    | Entered Level 1 of the Elven Halls
121467 | Elf:1    | Got the Incunable of Blasting and Ouranomancy
121478 | Elf:1    | Got Zuorux's Secrets of Glowing Transfiguration
121775 | Elf:1    | Found Haibush's General Store.
121776 | Elf:1    | Found Ximoc's Antique Weapon Boutique.
121776 | Elf:1    | Found Miuttel's Assorted Antiques.
121777 | Elf:1    | Found Yweanaury's Weapon Shoppe.
121809 | Elf:1    | Bought a potion of enlightenment for 80 gold pieces
122604 | Elf:1    | Identified the +9 mace of Isud {spect, rPois rN+}
124907 | Elf:3    | Entered Level 3 of the Elven Halls
125516 | Elf:3    | Found Ussaukecs's Weapon Shop.
125705 | Elf:2    | Found Depas's Book Emporium.
125978 | Elf:2    | Found a runed translucent gate.
125979 | Elf:2    | Found a runed translucent gate.
125979 | Elf:2    | Found a runed translucent gate.
129204 | Elf:3    | Identified the +3 robe of the Great Game {rElec rC+ rN+++
                  | Dex-3}
129204 | Elf:3    | Noticed Boris
129245 | Elf:3    | Killed Boris
129425 | Elf:3    | Identified the +5 flail of Supply {flame, Int-4 Dex+4}
129504 | Elf:3    | Found the amulet of the Four Winds {rN+ Will+++ Clar}
129668 | Elf:3    | Identified the +7 broad axe "Goblinbane" {venom, rElec
                  | rCorr Dex+2 Stlth+}
129674 | Elf:3    | Identified the +1 demon blade of the Augurer {pain, ^Drain
                  | rC+ rN+ Will++ Str-5}
129697 | Elf:3    | Got the Opusculum on Frost and Displacement
129708 | Elf:3    | Identified the +1 leather armour "Wiru" {Harm}
129719 | Elf:3    | Found the +0 pair of fencer's gloves {Riposte Dex+3}
129790 | Elf:3    | Identified the amulet "Fotat" {RegenMP Str+3 Dex+5}
129812 | Elf:3    | Identified the +10 trident of Temperance {protect, rF++
                  | Str-5}
129835 | Elf:3    | Identified the +9 short sword of Sulphur {spect, Str+3}
130221 | Zot:1    | Entered Level 1 of the Realm of Zot
131562 | Zot:1    | Got the Notes on Battling
131595 | Zot:1    | Reached XP level 25. HP: 126/142 MP: 16/47
131971 | Zot:1    | Found a runed translucent gate.
131971 | Zot:1    | Found a runed translucent gate.
131973 | Zot:1    | Found a runed translucent gate.
131975 | Zot:1    | Noticed Befigh's ghost (legendary HOFi)
132874 | Zot:1    | Killed Befigh's ghost
134488 | Zot:2    | Identified the +11 plate armour of the Curupira {rElec rF-
                  | Will++ Regen+}
134710 | Zot:2    | Found the +4 dragonskin cloak
134710 | Zot:2    | Noticed Tiamat
134729 | Zot:2    | Killed Tiamat
135637 | Zot:2    | Noticed a Killer Klown
135641 | Zot:2    | Killed a Killer Klown
139458 | Zot:4    | Identified the ring of Cewini {Ice rPois rN+ MP-9 Str+5
                  | Slay+2}
139458 | Zot:4    | Noticed Josephina
139868 | Zot:4    | Killed Josephina
140567 | Zot:4    | Found a transporter.
140970 | Zot:4    | Reached XP level 26. HP: 152/152 MP: 30/48
141614 | Zot:4    | Reached skill level 25 in Ice Magic
142544 | Zot:4    | Found a transporter.
142770 | Zot:4    | Learned a level 5 spell: Irradiate
142773 | Zot:4    | Learned a level 2 spell: Blink
142782 | Zot:4    | Learned a level 8 spell: Maxwell's Capacitive Coupling
142848 | Zot:5    | Entered Level 5 of the Realm of Zot
142859 | Zot:5    | Found a snail-covered altar of Cheibriados.
143570 | Zot:5    | Noticed an orb of fire
143686 | Zot:5    | Noticed an orb of fire
143722 | Zot:5    | Gained mutation: Your body often deteriorates upon taking
                  | damage. [an orb of fire]
143908 | Zot:5    | Noticed a dread lich
144377 | Zot:5    | Noticed an orb of fire
144388 | Zot:5    | Gained mutation: Your magical capacity is low. (-10% MP)
                  | [an orb of fire]
144390 | Zot:5    | Killed an orb of fire
144391 | Zot:5    | Killed an orb of fire
144459 | Zot:5    | Noticed an orb of fire
144463 | Zot:5    | Noticed a dread lich
144466 | Zot:5    | Killed a dread lich
144468 | Zot:5    | Gained mutation: Your health recovers twice as slowly from
                  | being drained. [an orb of fire]
144473 | Zot:5    | Killed a dread lich
144475 | Zot:5    | Killed an orb of fire
144742 | Zot:5    | Reached skill level 15 in Air Magic
144743 | Zot:5    | Noticed an orb of fire
144750 | Zot:5    | Gained mutation: You occasionally lose the ability to read
                  | scrolls when taking damage. [an orb of fire]
144751 | Zot:5    | Killed an orb of fire
144774 | Zot:5    | Gained mutation: You are weak. (Str -2) [an orb of fire]
144777 | Zot:5    | Gained mutation: Your spells are a little easier to cast,
                  | but a little less powerful. [an orb of fire]
144781 | Zot:5    | Killed an orb of fire
144870 | Zot:5    | Noticed an orb of fire
145031 | Zot:5    | Killed an orb of fire
145137 | Zot:4    | Lost mutation: Your body often deteriorates upon taking
                  | damage. [potion of mutation]
145137 | Zot:4    | Lost mutation: Your magical capacity is low. (-10% MP)
                  | [potion of mutation]
145137 | Zot:4    | Lost mutation: You occasionally lose the ability to read
                  | scrolls when taking damage. [potion of mutation]
145137 | Zot:4    | Gained mutation: You sometimes lose your temper in combat.
                  | [potion of mutation]
145138 | Zot:4    | Lost mutation: Your spells are a little easier to cast, but
                  | a little less powerful. [potion of mutation]
145138 | Zot:4    | Lost mutation: Your body sometimes deteriorates upon taking
                  | damage. [potion of mutation]
145138 | Zot:4    | Gained mutation: You have large cloven feet. [potion of
                  | mutation]
145138 | Zot:4    | Gained mutation: You are occasionally teleported next to
                  | monsters. [potion of mutation]
145138 | Zot:4    | Gained mutation: Your system is resistant to poisons.
                  | (rPois) [potion of mutation]
145138 | Zot:4    | Gained mutation: You have hidden genetic potential. [potion
                  | of mutation]
145139 | Zot:4    | Lost mutation: Your health recovers twice as slowly from
                  | being drained. [potion of mutation]
145139 | Zot:4    | Lost mutation: Your system is resistant to poisons. (rPois)
                  | [potion of mutation]
145139 | Zot:4    | Lost mutation: You sometimes lose your temper in combat.
                  | [potion of mutation]
145139 | Zot:4    | Gained mutation: You are partially covered in iridescent
                  | scales. (AC +2) [potion of mutation]
145139 | Zot:4    | Gained mutation: You have a pair of small antennae on your
                  | head. [potion of mutation]
145140 | Zot:4    | Lost mutation: You have large cloven feet. [potion of
                  | mutation]
145140 | Zot:4    | Lost mutation: You have a pair of small antennae on your
                  | head. [potion of mutation]
145140 | Zot:4    | Gained mutation: You sometimes lose your temper in combat.
                  | [potion of mutation]
145140 | Zot:4    | Lost mutation: You sometimes lose your temper in combat.
                  | [potion of mutation]
145141 | Zot:4    | Lost mutation: You are occasionally teleported next to
                  | monsters. [potion of mutation]
145141 | Zot:4    | Lost mutation: You have hidden genetic potential. [potion
                  | of mutation]
145141 | Zot:4    | Lost mutation: You are partially covered in iridescent
                  | scales. (AC +2) [potion of mutation]
145141 | Zot:4    | Gained mutation: You have a pair of small horns on your
                  | head. [potion of mutation]
145141 | Zot:4    | Gained mutation: You occasionally shout uncontrollably at
                  | your foes. [potion of mutation]
145141 | Zot:4    | Gained mutation: You are agile. (Dex +4, Str/Int -1)
                  | [potion of mutation]
145774 | Zot:5    | Gained mutation: You are vulnerable to heat. (rF-)
                  | [mutagenic glow]
145785 | Zot:5    | Gained mutation: You frequently scream uncontrollably at
                  | your foes. [mutagenic glow]
145799 | Zot:5    | Gained mutation: A frigid envelope surrounds you and
                  | freezes all who hurt you. [mutagenic glow]
146317 | Zot:5    | Noticed an ancient lich
146365 | Zot:5    | Killed an ancient lich
146887 | Zot:5    | Paralysed by a Zot trap for 4 turns
146981 | Zot:5    | Got the Orb of Zot
147328 | D:11     | Identified the +4 robe of Spite {rElec rN+ Int+3}
147328 | D:11     | Noticed Boris
147435 | D:8      | Noticed Loisuaz the pandemonium lord
147572 | D:$      | Escaped with the Orb!

Illustrated notes

Levels and vault maps discovered:
D:1:      beargit_arrival_diablo_church, layout_basic, serial_curves,
          eino_curves_03, eino_curves_01
D:2:      layout_basic, hellmonk_ecumenical_altar_leap_of_faith,
          minmay_tetromino_l4
D:3:      layout_basic, minmay_vboxes, uniq_sigmund, uniq_crazy_yiuf_cottage
D:4:      layout_loops_cross, nicolae_hepliaklqana_hazy_memory,
          nicolae_letterblocks [nicolae_letter_subblock,
          nicolae_letter_subblock, nicolae_letter_subblock,
          nicolae_letter_subblock, nicolae_letter_subblock,
          nicolae_letter_subblock, nicolae_letter_subblock,
          nicolae_letter_subblock, nicolae_letter_subblock,
          nicolae_letter_subblock, nicolae_letter_subblock,
          nicolae_letter_subblock, nicolae_letter_subblock,
          nicolae_letter_subblock, nicolae_letter_subblock,
          nicolae_letter_subblock, nicolae_letter_subblock,
          nicolae_letter_subblock, nicolae_letter_subblock,
          nicolae_letter_subblock, nicolae_letter_subblock,
          nicolae_letter_subblock, nicolae_letter_subblock,
          nicolae_letter_subblock, nicolae_letter_subblock]
D:5:      layout_cave_pods, minmay_temple_entry_arrows,
          minmay_fractal_squares_diagonal_5
D:6:      layout_basic, general_overflow_altar, water_boxes_lemuel
D:7:      layout_loops_ring, mainiacjoe_overflow_swirl,
          nemelex_xobeh_ov_fountains_minmay, uniq_menkaure
D:8:      layout_loops_ring, hangedman_decor_diamond_cutter, uniq_grum
D:9:      layout_loops_cross, vehumet_statue, orc_0_dummy, uniq_erolcha
D:10:     layout_basic, gammafunk_temple_overflow_elements,
          hellmonk_lair_entry_icy, nicolae_neqoxec_dot_bat
D:11:     layout_rooms, nicolae_lava_and_water, nicolae_shop_overcharged_wands,
          uniq_snorg
D:12:     layout_roguey
D:13:     cheibrodos_orc_bank, layout_cave_pods, erik_vaults_2,
          nicolae_shop_i_like_small_books_too, minmay_crystal_box
D:14:     layout_cave_pools, lemuel_crystal_altar, gammafunk_ghost_ooze
D:15:     hangedman_depths_entry_try_elsewhere_first, layout_layer_cave,
          serial_bayou_pond_c, serial_ice, serial_ice_b, serial_ice_n,
          serial_ice_c, serial_ice_k, serial_ice_o, serial_ice_h,
          grunt_ministairs_9, nicolae_elemental_shop
Temple:   compressed_dpeg_circular_temple
Lair:1:   layout_cave_shapes, gammafunk_ghost_arena,
          nicolae_quartered_pool_super, nicolae_lair_grove_arrangements,
          hellmonk_guarded_unrand_vines
Lair:2:   layout_regular_city, minmay_snake_entry_guardpost_medium,
          serial_bayou, serial_bayou_pond_a, serial_bayou_lagoon_a,
          serial_bayou_shore_b, serial_bayou_lake_a, serial_bayou_pond_d
Lair:3:   layout_regular_city, mainiacjoe_shoals_entry_four_pools,
          infiniplex_staircase_pool_2, lemuel_fruit_tree, uniq_gastronok
Lair:4:   layout_gridlike, slime_entry_1, nzn_sisyphean_effort,
          infiniplex_staircase_pool, grunt_megastairs_2
Lair:5:   evilmike_catoblepas_cave, layout_misc_corridors,
          dreamdust_mushroom_princess, grunt_forest_large_clearing_hut
Shoals:1: layout_shoals, serial_shops, nicolae_shop_industrial_runoff,
          nicolae_shop_gadgets, uniq_louise
Shoals:2: layout_shoals, serial_shops, shop,
          nicolae_shoals_water_elemental_grotto, uniq_polyphemus
Shoals:3: layout_shoals, nicolae_shoals_kraken_party
Shoals:4: shoals_end_simple, layout_shoals, shoals_ilsuiw_alternative
Snake:1:  layout_layer_cave, serial_shops, nicolae_shop_stone, shop,
          nicolae_shop_window_shopping, shop, shop, serial_bayou_ford_a,
          minmay_shop_star
Snake:2:  layout_basic, basic_altar, serial_library_regret_index_turning
Snake:3:  layout_misc_corridors, grunt_megastairs_3
Snake:4:  minmay_snake_end_coiled, layout_cave_town, serial_bayou_shore_b,
          serial_bayou_shore_a, uniq_aizul
Orc:1:    layout_caves, nicolae_volcano_entry_batcave, serial_shops,
          nicolae_shop_scrapyard
Orc:2:    st_orc_rangers, layout_diamond_mine, okawaru_metal_pillars_3
Elf:1:    minmay_elf_arrival_summoners, layout_geoelf_diagonals,
          nicolae_elf_shapeshifter_party, nicolae_twisting_strands,
          grunt_ministairs_9, nicolae_wooded_promenade
Elf:2:    elven_hall_of_blades_hangedman_original
          [nicolae_blade_entry_hurt_lockers], layout_gridlike, serial_shops,
          nicolae_take_the_stairs
Elf:3:    minmay_elf_hall, layout_loops_corners, serial_shops,
          nicolae_shop_bloodbath_and_beyond, minmay_misc_feat_pillars,
          uniq_boris
Vaults:1: nicolae_vaults_storage_room_water, nicolae_vaults_apartment_2,
          nicolae_vaults_variable_pillar_hall, nicolae_vaults_mitosis,
          nicolae_vaults_taking_the_gang_shopping, vaults_mumra_chevron,
          nicolae_vaults_triangles, nicolae_vaults_spaceships,
          vaults_room_semicircle, nicolae_vaults_sesquioval_fish,
          nicolae_vaults_what_the_h, vaults_dpeg_ring, layout_vaults_big_cross
Vaults:2: nicolae_vaults_network_star, ontoclasm_vaults_decontamination,
          nicolae_vaults_storage_closets_2, nicolae_vaults_house_3,
          nicolae_vaults_tangram_1, nicolae_vaults_closet_pinwheel_5,
          ontoclasm_vaults_pinch, nicolae_vaults_corpse_flower,
          ontoclasm_vaults_spin, nicolae_vaults_tangram_1, vaults_room_fours,
          nicolae_vaults_more_shelving_2, layout_vaults_omnibox
Vaults:3: minmay_crypt_entry_skeletal_spiral, nicolae_vaults_frosty_reception,
          nicolae_vaults_border_crossing, nicolae_vaults_double_plus_2,
          vaults_room_fancy_cross, nicolae_vaults_prndl,
          nicolae_vaults_little_squares_5, vaults_room_large_hall,
          vaults_room_pool, layout_vaults_quadrants
Vaults:4: nicolae_vaults_tetromino_T_2, nicolae_vaults_sesquioval_fish,
          hangedman_vaults_corner, nicolae_vaults_network_quincunx
          [nicolae_vaults_network_quincunx_subvault,
          nicolae_vaults_network_quincunx_subvault,
          nicolae_vaults_network_quincunx_subvault,
          nicolae_vaults_network_quincunx_subvault,
          nicolae_vaults_network_quincunx_subvault], st_lines,
          ontoclasm_vaults_tryst, ontoclasm_vaults_eye,
          nicolae_vaults_trapezoid_3, hangedman_vaults_cutoff,
          nicolae_vaults_little_ls, layout_vaults_big_room, uniq_mennas
Vaults:5: uniq_mara, uniq_margery
Depths:1: layout_roguey, pf_hell_entry_great_geh, gammafunk_ghost_mausoleum,
          serial_bayou, serial_bayou_pond_c, serial_bayou_pond_b,
          serial_bayou_pond_e, serial_bayou_crossing, serial_bayou_pond_c,
          serial_bayou_pond_c, ashenzari_conservatory_becter
Depths:2: angbandy_vault, layout_gridlike, serial_shops,
          nicolae_shop_tiny_statue_garden, grunt_pan_entry_zigzag, hell_entry,
          nicolae_kikubaaqudgha_miasma_corner, infiniplex_staircase_pool_lava,
          uniq_bai_suzhen
Depths:3: dreamdust_isle_of_ice, layout_basic, nicolae_hell_entry_big_baal_hell,
          abyss_entry, hangedman_abyss_or_decor_passed,
          infiniplex_staircase_river, uniq_sojobo
Depths:4: lemuel_castle_with_subvaults [lemuel_castle_interior_original],
          layout_cross, enter_ziggurat_a, minmay_misc_feat_plants, hellmouth_2,
          abyss_entry, serial_bayou_shore_b, serial_bayou_shore_b
Zot:1:    kennysheep_spiral_hall, layout_cathedral_of_symmetry,
          ebering_ghost_rock_garden
Zot:2:    kennysheep_oblong_rooms, layout_basic, uniq_tiamat
Zot:3:    layout_gridlike, skrybe_zot_glass_3
Zot:4:    nicolae_moth_party, layout_misc_corridors, nicolae_diode_stairs,
          uniq_josephina
Zot:5:    layout_gridlike, basic_altar

Skill      XL: |  1  2  3  4  5  6  7  8  9 10 11 12 13 14 15 16 17 18 19 20 21 22 23 24 25 26 |
---------------+-------------------------------------------------------------------------------+-----
Fighting       | 3 4 8 11 12 15 18 20 | 20.0
Short Blades   | 3 4 |  4.0
Spellcasting   | 1 3 4 6 10 12 15 17 19 20 22 | 22.3
Conjurations   | 1 3 5 6 |  6.0
Evocations     | 1 3 6 |  6.0
Dodging        | 4 8 9 15 19 | 19.5
Fire Magic     | 3 6 10 11 | 11.0
Air Magic      | 7 8 10 12 13 16 | 16.0
Shields        | 5 |  5.0
Ice Magic      | 9 13 15 17 20 21 23 24 25 | 25.0
Stealth        | |  7.2

Action                     |  1- 3 |  4- 6 |  7- 9 | 10-12 | 13-15 | 16-18 | 19-21 | 22-24 | 25-27 || total
---------------------------+-------+-------+-------+-------+-------+-------+-------+-------+-------++-------
  Melee: Short sword       |    35 |   221 |   270 |   181 |   402 |   125 |       |       |       ||  1234
         Quick blade       |       |       |       |       |       |   417 |   593 |    84 |    74 ||  1168
         Hand axe          |       |       |       |       |       |       |       |    31 |    38 ||    69
         Headbutt          |       |       |       |       |       |       |       |       |    12 ||    12
  Throw: Throwing net      |       |       |       |       |       |     1 |       |       |     1 ||     2
   Cast: Foxfire           |       |       |   285 |  1272 |   410 |       |       |       |       ||  1967
         Plasma Beam       |       |       |       |     1 |   491 |   652 |   497 |   357 |   348 ||  2346
         Fireball          |       |       |       |       |    13 |     7 |       |       |       ||    20
         Ozocubu's Refrige |       |       |       |       |       |    21 |   318 |   240 |    84 ||   663
         Polar Vortex      |       |       |       |       |       |       |    22 |   134 |    91 ||   247
  Evoke: Wand              |       |       |     3 |    15 |    17 |     1 |     6 |     5 |     1 ||    48
    Use: Potion            |     1 |       |     1 |     3 |     1 |     1 |     6 |       |    13 ||    26
         Scroll            |       |     5 |     1 |    17 |     9 |    10 |     3 |     4 |     5 ||    54
   Stab: Sleeping          |     4 |    12 |    10 |     3 |       |     1 |     2 |     1 |       ||    33
         Distracted        |       |     1 |       |     1 |       |     1 |       |       |       ||     3
 Armour: Robe              |     9 |    58 |   141 |   207 |   204 |   258 |   235 |   162 |   185 ||  1459
  Dodge: Dodged            |    21 |   135 |   250 |   708 |   771 |   718 |   526 |   286 |   368 ||  3783
  Block: Buckler           |       |       |       |       |    95 |   252 |   153 |   124 |    61 ||   685
         Reflection        |       |       |       |       |       |       |     1 |    18 |       ||    19

Table legend: (Time is in decaauts)
 A = Elapsed time spent in this place.
 B = Non-inter-level travel time spent in this place.
 C = Inter-level travel time spent in this place.
 D = Time resting spent in this place.
 E = Time spent auto-exploring this place.
 F = Levels seen in this place.
 G = Mean time per level.
                   A        B        C        D        E       F      G
               +--------+--------+--------+--------+--------+-----+--------+
         Total | 130321 | 126794 |   3527 |  90336 |  20878 |  49 | 2659.6 |
       Dungeon |  32020 |  30426 |   1594 |  19330 |   6524 |  15 | 2134.7 |
        Temple |      1 |      1 |      0 |      0 |      0 |   1 |    1.0 |
          Lair |  11732 |  11360 |    372 |   6752 |   2386 |   5 | 2346.4 |
        Shoals |  10456 |  10273 |    183 |   7749 |   1299 |   4 | 2614.0 |
     Snake Pit |  11293 |  11175 |    118 |   8373 |   1872 |   4 | 2823.2 |
  Orcish Mines |   3416 |   3268 |    148 |   2445 |    489 |   2 | 1708.0 |
   Elven Halls |   7763 |   7605 |    158 |   5556 |   1354 |   3 | 2587.7 |
        Vaults |  22286 |  21900 |    386 |  16873 |   2916 |   5 | 4457.2 |
        Depths |  15623 |  15291 |    332 |  11915 |   1836 |   4 | 3905.8 |
           Zot |  14677 |  14445 |    232 |  10617 |   2029 |   5 | 2935.4 |
       Volcano |   1050 |   1050 |      0 |    722 |    168 |   1 | 1050.0 |
               +--------+--------+--------+--------+--------+-----+--------+

Top non-repeatable levels by time:
Vaults:4: 7785 daAuts
    D:13: 5763 daAuts
    D:10: 4952 daAuts
Vaults:3: 4901 daAuts
Shoals:3: 4533 daAuts
 Snake:4: 4490 daAuts
Depths:3: 4267 daAuts
Depths:2: 4037 daAuts
Vaults:2: 3889 daAuts
Depths:1: 3849 daAuts
   Zot:2: 3830 daAuts
    D:15: 3715 daAuts
  Lair:3: 3656 daAuts
   Zot:3: 3648 daAuts
Depths:4: 3469 daAuts
